 Dungeon Crawl Stone Soup version 0.32-a0-485-g70f7560b1c (webtiles) character file.

Game seed: 2888470760627598488

5501 kaiyo the Grappler (level 10, 0/92 HPs)
             Began as a Troll Berserker on Feb 23, 2024.
             Was a High Priest of Trog.
             Slain by a gnoll sergeant
             ... wielding a +4 trident of venom
              (8 damage)
             ... on level 9 of the Dungeon on Feb 26, 2024.
             The game lasted 01:03:08 (6314 turns).

kaiyo the Grappler (Troll Berserker)                Turns: 6314, Time: 01:03:09

Health: 0/92       AC:  8    Str: 35    XL:     10   Next: 42%
Magic:  9/9        EV: 11    Int:  5    God:    Trog [*****.]
Gold:   406        SH:  0    Dex:  9    Spells: 9/9 levels left

rFire   . .          .
                       - Unarmed
rCold   . . .        (no shield)
rNeg    . . .        a - +1 animal skin
rPois   .            (helmet restricted)
rElec   .            p - +2 cloak
rCorr   .            (gloves unavailable)
SInv    .            (boots unavailable)
Will    +....        t - amulet of regeneration
Stlth   +            z - +6 ring of strength
HPRegen 1.95/turn    k - ring of willpower
MPRegen 0.11/turn

%: no passive effects
@: lethally poisoned (0 -> -1), about to teleport
A: large, unfitting armour, claws 3, regeneration 1, shaggy fur 1, tough skin 1
a: Renounce Religion, Berserk, Trog's Hand, Brothers in Arms


You were on level 9 of the Dungeon.
You worshipped Trog.
Trog was extremely pleased with you.
You visited 2 branches of the dungeon, and saw 10 of its levels.
You also visited: Ossuary.

You collected 406 gold pieces.

Inventory:

Hand Weapons
 b - a +2 dagger of venom
 g - a +0 arbalest
 o - a +0 dagger of venom
 v - a +0 dire flail of protection
 w - a +4 flail
 G - a +5 short sword
 M - a +3 vampiric rapier
 N - a +3 dagger of speed
 O - a +4 long sword of freezing
 Q - a +0 hand axe of venom
 U - the +10 great mace "Maebui" {flame, rCorr}
   (Trog gifted it to you on level 8 of the Dungeon)

   rCorr:     It protects you from acid and corrosion.
 Y - a +2 dagger of draining
Missiles
 f - 31 poisoned darts
 E - a curare-tipped dart
 L - 9 boomerangs
 R - a throwing net
 T - 2 javelins (quivered)
 V - 2 datura-tipped darts
Armour
 a - a +1 animal skin (worn)
 p - a +2 cloak (worn)
Jewellery
 k - a ring of willpower (right claw)
 r - an amulet of reflection
 t - an amulet of regeneration (around neck)
 z - a +6 ring of strength (left claw)
 C - a ring of see invisible
Talismans
 x - a flux talisman
Wands
 m - a wand of roots (15)
 y - a wand of polymorph (8)
 W - a wand of digging (6)
Scrolls
 d - a scroll of identify
 i - a scroll of fear
 A - 2 scrolls of noise
 F - 2 scrolls of fog
 K - a scroll of poison
 P - 3 scrolls of immolation
 S - a scroll of teleportation
Potions
 c - 2 potions of heal wounds
 j - 3 potions of haste
 n - a potion of brilliance
 q - a potion of lignification {unknown}
 s - 2 potions of might
 D - 2 potions of resistance
 H - a potion of cancellation {unknown}
 I - a potion of invisibility {unknown}
 X - a potion of enlightenment {unknown}
 Z - a potion of attraction {unknown}


   Skills:
 + Level 3.6 Fighting
 + Level 1.4 Throwing
 + Level 5.5 Dodging
 * Level 14.1 Unarmed Combat


You had 9 spell levels left.
You didn't know any spells.
Your spell library contained the following spells:

 Spells                   Type           Power      Damage    Failure   Level
 Foxfire                  Conj/Fire      0%         2x1d4     47%         1
 Hailstorm                Conj/Ice       0%         3d5       85%         3
 Summon Ice Beast         Ice/Summ       0%         N/A       85%         3
 Tukima's Dance           Hex            0%         N/A       85%         3
 Passage of Golubria      Tloc           0%         N/A       99%         4
 Yara's Violent Unravell  Hex/Alch       0%         3d3       100%        5
 Plasma Beam              Fire/Air       0%         2x1d10    100%        6
 Sculpt Simulacrum        Ice/Alch       0%         N/A       100%        6
 Starburst                Conj/Fire      0%         6d3       100%        6


Dungeon Overview and Level Annotations

Branches:
Dungeon (9/15)             Temple (1/1) D:5         Ossuary (visited)
   Lair: D:8-11         Orc: D:9-12

Altars:
Ashenzari
Cheibriados
Dithmenos
Elyvilon
Fedhas
Gozag
Hepliaklqana
Kikubaaqudgha
Makhleb
Nemelex Xobeh
Okawaru
Qazlal
Ru
Sif Muna
Trog
Uskayaw
Vehumet
Wu Jian
Xom
Yredelemnul
Zin
Lugonu

Shops:
D:4 (   D:7 *

Portals:
Abyss: D:3

Annotations:
Temple 2 transporters


Innate Abilities, Weirdness & Mutations

You are too large for most types of armour.
You have claws for hands.
Your natural rate of healing is unusually fast.
You are covered in fur. (AC +1)
You have tough skin. (AC +1)


Message History

Throw: 3 javelins
Press: ? - help, Q - select action, (/) - cycle Shift-Dir - straight line, f - gnoll, p - gnoll sergeant
Aim: a gnoll, wielding a +0 spear (54% to hit)
You throw a javelin.
The javelin pierces through the yak but does no damage.
The javelin pierces through the gnoll.
The gnoll is heavily wounded.
The javelin closely misses the gnoll.
You feel very sick.
The yak closely misses you. x2; The gnoll misses you.
The gnoll sergeant closely misses you.
You scratch the yak but do no damage.
The yak is heavily wounded.
You feel sick. The yak gores you. The yak barely misses you.
The gnoll hits you but does no damage. The gnoll sergeant closely misses you.
You mangle the yak!!
You kill the yak!
Trog accepts your kill.
You feel sick. The gnoll barely misses you.
The gnoll sergeant hits you from afar with a +4 trident of venom!
* * * LOW HITPOINT WARNING * * *
The yak gores you.
* * * LOW HITPOINT WARNING * * *
Welcome back, kaiyo the Troll Berserker.
Trog says: Kill them all!
Press ? for a list of commands and other information.
Found a basalt altar of Yredelemnul.
Found a stone staircase leading up.
You feel sick. The gnoll closely misses you.
The gnoll sergeant hits you with a +4 trident of venom.
* * * LOW HITPOINT WARNING * * *
You are more poisoned.
The yak gores you.
* * * LOW HITPOINT WARNING * * *
You see here a yak corpse.
As you read the scroll of teleportation, it crumbles to dust.
You feel strangely unstable.
You feel very sick. The gnoll hits you but does no damage.
The gnoll sergeant hits you with a +4 trident of venom!
You die...

.<..###
......#
.((._..
.......
.#
.......
#..
)...⌠/(
#.#
##gg.)...
#.#
#@Yg.....
#..
#.#g.._..
#.###†#
#....
#.#..#
#..
##..## .
# ##.#.#
.#
##.##.#
..#
##.#...#
.......#
. #..#
##..#.###
......#.#


You could see a yak, a gnoll sergeant and 3 gnolls.

Vanquished Creatures
  Pikel (D:9)
  2 shadows
  2 unseen horror simulacra (D:8)
  5 yaks (D:9)
  A steam dragon (D:8)
  Edmund (D:4)
  A water moccasin (D:5)
  Duvessa (D:5)
  3 black bears
  A sky beast (D:8)
  An orc warrior (D:8)
  An ice beast (D:7)
  2 ogres (D:7)
  2 phantoms
  3 kobold brigands
  3 lemures (D:9)
  A bullfrog (D:6)
  5 scorpions
  8 wights (D:8)
  Dowan (D:5)
  2 bombardier beetles
  3 howler monkeys
  2 hounds
  2 jellies
  A wyvern simulacrum (D:8)
  8 orc priests
  2 iguanas
  Natasha (thrice) (D:4)
  8 orc wizards
  3 crocodile zombies (Ossuary)
  A centaur simulacrum (D:8)
  3 mummies (Ossuary)
  A killer bee simulacrum (D:8)
  12 adders
  10 gnolls
  2 river rats (D:5)
  A shadow imp (D:5)
  A white imp (D:8)
  A howler monkey simulacrum (D:8)
  3 ufetubi (D:8)
  2 dart slugs
  2 ribbon worms (D:5)
  33 orcs
  6 bats
  10 endoplasms
  A giant cockroach (D:1)
  3 goblins
  13 hobgoblins
  2 jackals (D:2)
  5 quokkas
  5 ball pythons
  6 frilled lizards
  3 gnoll zombies (Ossuary)
  18 kobolds
  2 kobold zombies (Ossuary)
  11 rats
236 creatures vanquished.

Vanquished Creatures (others)
  An orc (D:7)
  2 lurking horrors (D:3)
3 creatures vanquished.

Grand Total: 239 creatures vanquished

Notes
Turn   | Place    | Note
-------+----------+-------------------------------------------
     0 | D:1      | kaiyo the Troll Berserker began the quest for the Orb.
     0 | D:1      | Reached XP level 1. HP: 22/22 MP: 0/0
   118 | D:1      | Reached XP level 2. HP: 29/29 MP: 1/1
   330 | D:1      | Reached ** piety under Trog
   397 | D:1      | Reached XP level 3. HP: 36/36 MP: 2/2
   811 | D:2      | Reached skill level 4 in Unarmed Combat
   898 | D:2      | Found a faded altar of an unknown god.
   949 | D:2      | Reached XP level 4. HP: 44/44 MP: 3/3
  1779 | D:3      | Found a one-way gate to the infinite horrors of the Abyss.
  1781 | D:3      | Found a corrupted altar of Lugonu.
  1938 | D:4      | Found a sand-covered staircase.
  1944 | D:4      | Noticed a scorpion
  1950 | D:4      | Killed a scorpion
  1951 | D:4      | Reached skill level 5 in Unarmed Combat
  1951 | D:4      | Reached XP level 5. HP: 50/50 MP: 4/4
  2028 | D:4      | Noticed Natasha
  2031 | D:4      | Noticed Edmund
  2036 | D:4      | Killed Natasha
  2049 | D:4      | Killed Edmund
  2050 | D:4      | Reached skill level 6 in Unarmed Combat
  2050 | D:4      | Reached XP level 6. HP: 27/59 MP: 5/5
  2100 | D:4      | Found Cihixul's Weapon Boutique.
  2134 | D:4      | Noticed Natasha
  2140 | D:4      | Killed Natasha
  2237 | D:4      | Reached *** piety under Trog
  2283 | D:4      | Reached skill level 7 in Unarmed Combat
  2576 | Ossuary  | Entered an ossuary
  2590 | Ossuary  | Reached XP level 7. HP: 66/66 MP: 6/6
  2760 | D:4      | Noticed Natasha
  2774 | D:4      | Killed Natasha
  2801 | D:5      | Entered Level 5 of the Dungeon
  2949 | D:5      | Found a white marble altar of Elyvilon.
  2950 | D:5      | Noticed Duvessa
  2950 | D:5      | Noticed Dowan
  2960 | D:5      | Killed Duvessa
  2961 | D:5      | Reached skill level 8 in Unarmed Combat
  2964 | D:5      | Killed Dowan
  2971 | D:5      | Reached skill level 1 in Throwing
  2982 | D:5      | Reached XP level 8. HP: 27/75 MP: 7/7
  3146 | D:5      | Found a glowing drain.
  3276 | D:5      | Reached skill level 9 in Unarmed Combat
  3291 | D:5      | Reached **** piety under Trog
  3412 | D:5      | Found a staircase to the Ecumenical Temple.
  3429 | Temple   | Found a transporter.
  3429 | Temple   | Found a transporter.
  3429 | Temple   | Found a transporter.
  3429 | Temple   | Found a transporter.
  3429 | Temple   | Entered the Ecumenical Temple
  3512 | D:5      | Upgraded the game from 0.32-a0-450-g080537f31e to
                  | 0.32-a0-468-g38b2580584
  3954 | D:6      | Reached skill level 10 in Unarmed Combat
  4587 | D:7      | Reached XP level 9. HP: 83/83 MP: 8/8
  4684 | D:7      | Reached skill level 11 in Unarmed Combat
  4954 | D:7      | Found Wuapumutz's Lightly-Used Armoury.
  4981 | D:7      | Upgraded the game from 0.32-a0-468-g38b2580584 to
                  | 0.32-a0-485-g70f7560b1c
  5161 | D:8      | Found a bloodstained altar of Trog.
  5210 | D:8      | Reached ***** piety under Trog
  5279 | D:8      | Identified the +2 leather armour of the Heron {rPois Will+
                  | Int+3}
  5315 | D:8      | Reached skill level 12 in Unarmed Combat
  5419 | D:8      | Reached skill level 5 in Dodging
  5737 | D:8      | Reached skill level 13 in Unarmed Combat
  5744 | D:8      | Reached XP level 10. HP: 86/91 MP: 9/9
  5931 | D:8      | Identified the +10 great mace "Maebui" {flame, rCorr} (Trog
                  | gifted it to you on level 8 of the Dungeon)
  5931 | D:8      | Received a gift from Trog
  6238 | D:9      | Noticed Pikel
  6263 | D:9      | Killed Pikel
  6301 | D:9      | Found an ornate altar of the Wu Jian Council.
  6307 | D:9      | Reached skill level 14 in Unarmed Combat
  6313 | D:9      | Found a basalt altar of Yredelemnul.
  6314 | D:9      | Slain by a gnoll sergeant

Illustrated notes

Levels and vault maps discovered:
D:1:      minmay_arrival_doors, layout_rooms, minmay_crystal_room
D:2:      layout_basic, shapermc_ecumenical_altar_acropolis
D:3:      layout_rooms, amcnicky_altar_lugonu_corruption
D:4:      layout_loops_ring, enter_ossuary_1, serial_shops,
          kennysheep_little_box, uniq_natasha, uniq_edmund
D:5:      layout_loops_ring, old_standard_altar,
          minmay_temple_entry_statues_fountains, lightli_sewer_entry_pipes,
          minivault_14, uniq_duvessa
D:6:      layout_basic
D:7:      layout_loops_ring, minmay_shop_damaged
D:8:      layout_loops_ring, mainiacjoe_overflow_24_doors, serial_ice,
          serial_ice_n, serial_ice_g, serial_ice_k, serial_ice_b, serial_ice_a,
          grunt_decor_cap, lightli_orcish_oven
D:9:      layout_rooms, grunt_temple_overflow_open, erik_orc_1,
          minmay_diamond_spiral, uniq_pikel
Temple:   hellmonk_temple_divided_pantheon

Skill      XL: |  1  2  3  4  5  6  7  8  9 10 |
---------------+-------------------------------+-----
Unarmed Combat | 4 5 6 7 8 10 13 14 | 14.1
Dodging        | 3 4 5 |  5.5
Fighting       | 3 |  3.6
Throwing       | 1 |  1.4

Action                     |  1- 3 |  4- 6 |  7- 9 | 10-12 || total
---------------------------+-------+-------+-------+-------++-------
  Melee: Unarmed           |   111 |   102 |   276 |    73 ||   562
         Punch             |       |     2 |    12 |     3 ||    17
  Throw: Dart              |     3 |     4 |    10 |       ||    17
         Javelin           |       |       |       |     3 ||     3
  Evoke: Wand              |       |       |     5 |       ||     5
    Use: Potion            |     3 |     3 |     3 |       ||     9
         Scroll            |     2 |       |    11 |     2 ||    15
 Armour: Animal skin       |   106 |    79 |   222 |    52 ||   459
  Dodge: Dodged            |   100 |    45 |   129 |    33 ||   307
  Block: Other             |       |     4 |       |       ||     4
         Reflection        |       |     1 |       |       ||     1

Table legend: (Time is in decaauts)
 A = Elapsed time spent in this place.
 B = Non-inter-level travel time spent in this place.
 C = Inter-level travel time spent in this place.
 D = Time resting spent in this place.
 E = Time spent auto-exploring this place.
 F = Levels seen in this place.
 G = Mean time per level.
                   A        B        C        D        E       F      G
               +--------+--------+--------+--------+--------+-----+--------+
         Total |   6240 |   6135 |    105 |     23 |   2389 |  11 |  567.3 |
       Dungeon |   6035 |   5930 |    105 |     23 |   2389 |   9 |  670.6 |
        Temple |     81 |     81 |      0 |      0 |      0 |   1 |   81.0 |
       Ossuary |    123 |    123 |      0 |      0 |      0 |   1 |  123.0 |
               +--------+--------+--------+--------+--------+-----+--------+

Top non-repeatable levels by time:
     D:8: 1012 daAuts
     D:5: 968 daAuts
     D:4: 744 daAuts
     D:2: 676 daAuts
     D:7: 625 daAuts
     D:1: 624 daAuts
     D:6: 623 daAuts
     D:3: 608 daAuts
     D:9: 151 daAuts
 Ossuary: 123 daAuts
  Temple: 81 daAuts
